1819 views
Uploaded 2023-06-24 11:50:17
Game version 1.36 (6115)
13:00 long 2on2 ladder game on (4)TwistedMeadows_S2_v1.1
Saved by Adventurer
1819 views
Uploaded 2023-06-24 11:50:17
Game version 1.36 (6115)
13:00 long 2on2 ladder game on (4)TwistedMeadows_S2_v1.1


41 units @ 6.3k
/ 0.5k
24 buildings @ 3.8k
/ 1.4k


| Healing Salve | 3 | 300 |
| Lesser Clarity Potion | 2 | 140 |
| Scroll of Speed | 2 | 100 |
| Circlet of Nobility | 1 | 175 |
| total: | 8 | 715g |
| Peon | 9 | 675 | / | 0 |
| Grunt | 7 | 1400 | / | 0 |
| Shaman | 3 | 390 | / | 60 |
| Raider | 3 | 540 | / | 120 |
| Forest Troll Shadow Priest | 2 | 390 | / | 20 |
| Forest Troll Berserker | 1 | 245 | / | 30 |
| total: | 25 | 3640g | / | 230w |
| Altar of Storms | 1 | 180 | / | 50 |
| Orc Burrow | 4 | 640 | / | 160 |
| Voodoo Lounge | 1 | 130 | / | 30 |
| Barracks | 1 | 180 | / | 50 |
| War Mill | 1 | 205 | / | 0 |
| Spirit Lodge | 1 | 150 | / | 150 |
| Beastiary | 1 | 145 | / | 140 |
| Stronghold | 1 | 315 | / | 190 |
| total: | 10 | 1630g | / | 580w |
| 0:04 | Peon |
| 0:08 | Altar of Storms |
| 0:10 | Orc Burrow |
| 0:11 | Peon |
| 0:19 | Peon |
| 0:29 | Peon |
| 0:37 | Voodoo Lounge |
| 0:48 | Peon |
| 0:55 | Peon |
| 1:07 | Peon |
| 1:22 | Peon |
| 1:22 | Peon |
| 1:36 | Barracks |
| 2:06 | Healing Salve |
| 2:06 | Lesser Clarity Potion |
| 2:06 | Scroll of Speed |
| 2:09 | Wind Walk |
| 2:54 | Stronghold |
| 4:00 | Grunt |
| 4:03 | Orc Burrow |
| 4:07 | War Mill |
| 4:48 | Orc Burrow |
| 5:04 | Grunt |
| 5:14 | Critical Strike |
| 5:22 | Spirit Lodge |
| 5:36 | Berserker Strength |
| 5:43 | Forest Troll Shadow Priest |
| 5:59 | Forest Troll Berserker |
| 6:22 | Hex |
| 6:23 | Healing Salve |
| 6:23 | Lesser Clarity Potion |
| 6:23 | Scroll of Speed |
| 6:38 | Circlet of Nobility |
| 7:13 | Grunt |
| 7:46 | Wind Walk |
| 8:21 | Shaman |
| 8:21 | Shaman Adept Training |
| 8:22 | Grunt |
| 8:24 | Healing Salve |
| 8:55 | Forest Troll Shadow Priest |
| 9:09 | Grunt |
| 9:30 | Shaman |
| 9:33 | Pillage |
| 9:35 | Beastiary |
| 10:09 | Orc Burrow |
| 10:51 | Ensnare |
| 11:11 | Healing Wave |
| 11:19 | Raider |
| 11:21 | Grunt |
| 11:23 | Raider |
| 11:24 | Steel Armor |
| 11:24 | Steel Melee Weapons |
| 12:32 | Critical Strike |
| 12:33 | Critical Strike |
| 12:34 | Critical Strike |
| 12:34 | Critical Strike |
| 12:43 | Shaman |
| 12:43 | Raider |
| 12:45 | Grunt |
| Right click | 451 |
| Select | 294 |
| Build/train/purchase | 81 |
| Select group | 62 |
| Use ability | 22 |
| Chat | 4 |
| Assign group | 1 |
| Remove unit | 1 |
| Minimap ping | 1 |

| Healing Salve | 3 | 300 |
| Lesser Clarity Potion | 3 | 210 |
| Scroll of Speed | 2 | 100 |
| Boots of Speed | 1 | 250 |
| Staff of Teleportation | 1 | 150 |
| total: | 10 | 1010g |
| Peon | 8 | 600 | / | 0 |
| Grunt | 1 | 200 | / | 0 |
| Wind Rider | 7 | 1855 | / | 280 |
| total: | 16 | 2655g | / | 280w |
| Watch Tower | 2 | 220 | / | 160 |
| Altar of Storms | 1 | 180 | / | 50 |
| Orc Burrow | 6 | 960 | / | 240 |
| Barracks | 1 | 180 | / | 50 |
| Voodoo Lounge | 1 | 130 | / | 30 |
| War Mill | 1 | 205 | / | 0 |
| Beastiary | 2 | 290 | / | 280 |
| Stronghold | 1 | 315 | / | 190 |
| total: | 14 | 2165g | / | 810w |
| 0:04 | Peon |
| 0:04 | Peon |
| 0:08 | Altar of Storms |
| 0:20 | Orc Burrow |
| 0:33 | Peon |
| 0:37 | Barracks |
| 0:48 | Peon |
| 1:04 | Peon |
| 1:04 | Peon |
| 1:39 | Grunt |
| 1:41 | Peon |
| 1:42 | Peon |
| 2:10 | Feral Spirit |
| 2:19 | Stronghold |
| 2:43 | Orc Burrow |
| 2:46 | Voodoo Lounge |
| 4:07 | Healing Salve |
| 4:07 | Lesser Clarity Potion |
| 4:14 | Orc Burrow |
| 4:46 | Beastiary |
| 4:47 | Beastiary |
| 4:58 | War Mill |
| 5:15 | Orc Burrow |
| 5:59 | Chain Lighting |
| 6:03 | Wind Rider |
| 6:19 | Reinforced Defenses |
| 6:53 | Wind Rider |
| 7:32 | Wind Rider |
| 7:36 | Orc Burrow |
| 7:51 | Steel Ranged Weapons |
| 8:09 | Chain Lighting |
| 8:50 | Boots of Speed |
| 8:51 | Staff of Teleportation |
| 9:03 | Healing Salve |
| 9:03 | Lesser Clarity Potion |
| 9:05 | Scroll of Speed |
| 9:17 | Wind Rider |
| 10:29 | Wind Rider |
| 11:15 | Healing Salve |
| 11:16 | Lesser Clarity Potion |
| 11:16 | Scroll of Speed |
| 11:29 | Orc Burrow |
| 12:02 | Wind Rider |
| 12:44 | Wind Rider |
| 12:54 | Watch Tower |
| 12:55 | Watch Tower |
| Right click | 697 |
| Select group | 393 |
| Select | 298 |
| Assign group | 150 |
| Build/train/purchase | 69 |
| Misc. action | 45 |
| Use ability | 23 |
| Minimap ping | 8 |
| Item give/drop | 3 |
| Esc | 1 |
61 units @ 7.2k
/ 0.9k
28 buildings @ 3.8k
/ 1.6k


| Staff of Preservation | 1 | 150 |
| Orb of Venom | 1 | 325 |
| Scroll of Town Portal | 1 | 350 |
| Potion of Lesser Invulnerability | 1 | 150 |
| total: | 4 | 975g |
| Wisp | 18 | 1080 | / | 0 |
| Huntress | 2 | 390 | / | 40 |
| Dryad | 7 | 1015 | / | 420 |
| Druid of the Claw | 2 | 510 | / | 160 |
| total: | 29 | 2995g | / | 620w |
| Altar of Elders | 1 | 180 | / | 50 |
| Moon Well | 5 | 900 | / | 200 |
| Hunter's Hall | 1 | 210 | / | 100 |
| Ancient of War | 1 | 150 | / | 60 |
| Ancient of Wonders | 1 | 90 | / | 30 |
| Tree of Life | 1 | 340 | / | 185 |
| Ancient of Lore | 2 | 310 | / | 290 |
| Tree of Ages | 1 | 320 | / | 180 |
| Tree of Eternity | 1 | 330 | / | 200 |
| total: | 12 | 2180g | / | 915w |
| 0:04 | Wisp |
| 0:04 | Wisp |
| 0:14 | Altar of Elders |
| 0:18 | Wisp |
| 0:20 | Moon Well |
| 0:27 | Wisp |
| 0:35 | Wisp |
| 0:45 | Wisp |
| 0:52 | Wisp |
| 1:15 | Wisp |
| 1:22 | Wisp |
| 1:44 | Wisp |
| 1:50 | Hunter's Hall |
| 2:02 | Ancient of War |
| 2:05 | Moon Well |
| 2:09 | Wisp |
| 2:22 | Wisp |
| 2:25 | Mana Burn |
| 2:29 | Wisp |
| 3:02 | Tree of Ages |
| 3:09 | Huntress |
| 3:52 | Moon Well |
| 4:03 | Ancient of Wonders |
| 4:08 | Huntress |
| 4:48 | Evasion |
| 5:31 | Ancient of Lore |
| 5:37 | Ancient of Lore |
| 5:50 | Moon Well |
| 6:02 | Staff of Preservation |
| 6:24 | Entangling Roots |
| 6:43 | Dryad |
| 6:46 | Dryad |
| 6:55 | Dryad |
| 6:57 | Abolish Magic |
| 6:58 | Dryad |
| 7:19 | Tree of Eternity |
| 7:44 | Dryad |
| 8:00 | Strength of the Wild |
| 8:32 | Dryad |
| 8:38 | Potion of Lesser Invulnerability |
| 8:42 | Evasion |
| 8:54 | Dryad |
| 8:57 | Moon Well |
| 9:42 | Scroll of Town Portal |
| 9:51 | Druid of the Claw Adept Training |
| 10:19 | Druid of the Claw Master Training |
| 10:23 | Force of Nature |
| 10:29 | Tree of Life |
| 10:55 | Orb of Venom |
| 11:11 | Druid of the Claw |
| 12:40 | Wisp |
| 12:40 | Wisp |
| 12:40 | Wisp |
| 12:40 | Wisp |
| 12:40 | Wisp |
| 12:51 | Druid of the Claw |
| Select | 439 |
| Right click | 380 |
| Misc. action | 250 |
| Use ability | 55 |
| Build/train/purchase | 47 |
| Select group | 21 |
| Resource trade | 12 |
| Assign group | 9 |
| Chat | 5 |
| Item give/drop | 3 |
| Remove unit | 2 |
| Minimap ping | 1 |


| Scroll of Regeneration | 2 | 200 |
| Lesser Clarity Potion | 3 | 210 |
| Scroll of Healing | 1 | 250 |
| Scroll of Town Portal | 1 | 350 |
| total: | 7 | 1010g |
| Peasant | 11 | 825 | / | 0 |
| Footman | 9 | 1215 | / | 0 |
| Sorceress | 6 | 930 | / | 120 |
| Priest | 1 | 135 | / | 10 |
| Spell Breaker | 1 | 215 | / | 30 |
| Rifleman | 1 | 205 | / | 30 |
| Forest Troll Shadow Priest | 1 | 195 | / | 10 |
| Forest Troll Berserker | 2 | 490 | / | 60 |
| total: | 32 | 4210g | / | 260w |
| Scout Tower | 1 | 30 | / | 20 |
| Arcane Tower | 1 | 70 | / | 50 |
| Farm | 9 | 720 | / | 180 |
| Altar of Kings | 1 | 180 | / | 50 |
| Barracks | 1 | 160 | / | 60 |
| Arcane Vault | 1 | 130 | / | 30 |
| Blacksmith | 1 | 140 | / | 60 |
| Arcane Sanctum | 2 | 300 | / | 280 |
| Keep | 1 | 320 | / | 210 |
| total: | 16 | 1660g | / | 680w |
| 0:01 | Peasant |
| 0:06 | Farm |
| 0:07 | Altar of Kings |
| 0:12 | Peasant |
| 0:18 | Barracks |
| 0:29 | Peasant |
| 0:36 | Peasant |
| 0:42 | Peasant |
| 1:00 | Farm |
| 1:11 | Peasant |
| 1:18 | Footman |
| 1:29 | Peasant |
| 1:32 | Farm |
| 1:43 | Footman |
| 1:46 | Footman |
| 2:07 | Farm |
| 2:14 | Summon Water Elemental |
| 2:19 | Footman |
| 2:28 | Peasant |
| 3:01 | Footman |
| 3:02 | Keep |
| 3:13 | Farm |
| 3:38 | Footman |
| 4:03 | Farm |
| 4:06 | Footman |
| 4:29 | Footman |
| 4:30 | Scout Tower |
| 4:52 | Brilliance Aura |
| 4:55 | Footman |
| 4:57 | Farm |
| 5:02 | Arcane Tower |
| 5:07 | Arcane Vault |
| 5:41 | Forest Troll Shadow Priest |
| 5:46 | Forest Troll Berserker |
| 5:46 | Forest Troll Berserker |
| 6:04 | Peasant |
| 6:04 | Peasant |
| 6:08 | Summon Water Elemental |
| 6:14 | Arcane Sanctum |
| 6:24 | Scroll of Regeneration |
| 6:24 | Lesser Clarity Potion |
| 6:26 | Storm Bolt |
| 6:39 | Peasant |
| 7:16 | Bash |
| 7:20 | Sorceress |
| 7:30 | Arcane Sanctum |
| 8:24 | Brilliance Aura |
| 8:26 | Sorceress |
| 8:37 | Farm |
| 8:39 | Farm |
| 8:45 | Scroll of Healing |
| 8:52 | Sorceress |
| 9:36 | Sorceress |
| 10:20 | Storm Bolt |
| 10:26 | Sorceress |
| 10:42 | Scroll of Regeneration |
| 10:44 | Lesser Clarity Potion |
| 10:52 | Scroll of Town Portal |
| 10:56 | Lesser Clarity Potion |
| 10:59 | Priest |
| 11:06 | Sorceress Adept Training |
| 11:09 | Blacksmith |
| 11:41 | Spell Breaker |
| 12:35 | Sorceress |
| 12:50 | Rifleman |
| Right click | 976 |
| Select group | 635 |
| Select | 360 |
| Misc. action | 134 |
| Build/train/purchase | 101 |
| Assign group | 39 |
| Use ability | 26 |
| Chat | 26 |
| Minimap ping | 8 |
| Item give/drop | 4 |
| Esc | 2 |